 Dungeon Crawl Stone Soup version 0.28.0-1-gb440e238dd (webtiles) character file.

Game seed: 18052572664961598684

58 Snicker the Sneak (level 3, 0/29 HPs)
             Began as a Demonspawn Delver on Feb 21, 2022.
             Succumbed to a water moccasin's poison
             ... on level 6 of the Dungeon.
             The game lasted 00:00:32 (300 turns).

Snicker the Sneak (Demonspawn Delver)                Turns: 300, Time: 00:00:32

Health: 0/29       AC:  3    Str: 12    XL:     3   Next: 75%
Magic:  3/3        EV: 12    Int: 11    God:
Gold:   15         SH:  0    Dex: 16    Spells: 2/2 levels left

rFire   . . .      SeeInvis .   a - +0 short sword
rCold   . . .      Faith    .   (no shield)
rNeg    . . .      Spirit   .   b - +0 leather armour
rPois   .          Reflect  .   (no helmet)
rElec   .          Harm     .   (no cloak)
rCorr   .          Rampage  .   (no gloves)
Will    .....                   (no boots)
Stlth   +++.......              (no amulet)
HPRegen 0.09/turn               (no ring)
MPRegen 0.08/turn               (no ring)

@: lethally poisoned (0 -> -28)
A: demonic touch 1
a: no special abilities


You were on level 6 of the Dungeon.
You visited 1 branch of the dungeon, and saw 2 of its levels.

You collected 15 gold pieces.

Inventory:

Hand Weapons
 a - a +0 short sword (weapon)
Armour
 b - a +0 leather armour (worn)
Wands
 g - a wand of digging (3)
Scrolls
 c - a scroll of fog
 d - a scroll of magic mapping
 e - a scroll of fear
 h - 2 scrolls of identify
Potions
 f - a potion of haste


   Skills:
 + Level 3.3 Fighting
 + Level 1.9 Short Blades
 + Level 1.9 Dodging
 + Level 5.5 Stealth


You had 2 spell levels left.
You didn't know any spells.
Your spell library was empty.

Dungeon Overview and Level Annotations

Branches:
Dungeon (6/15)
 Temple: D:4-7

Altars:


Innate Abilities, Weirdness & Mutations

Your touch may inflict minor irresistible damage on your foes.


Message History

Unknown command.
There is a stone staircase leading down here.
You start resting.
You start resting.
HP restored.
You climb downwards.
Found four items.
There is a stone staircase leading up here.
Unknown command.
Found 31 stones.
You now have 15 gold pieces.
Found 29 stones.
You see here a +0 short sword.
h - 3 scrolls labelled XAEPRY FUDWAE A killer bee zombie and a water moccasin come into view.
There are monsters nearby!
The water moccasin hisses angrily.
The killer bee zombie closely misses you.
The water moccasin bites you.
You are poisoned.
The water moccasin poisons you!
You feel very sick.
You hit the water moccasin but do no damage.
You feel very sick.
The water moccasin bites you but does no damage.
Okay, then.
Unknown command.
As you read the scroll labelled XAEPRY FUDWAE, it crumbles to dust.
It is a scroll of identify.
You don't have any unidentified items.
You feel sick. The water moccasin bites you.
You are lethally poisoned!
The water moccasin poisons you! The water moccasin bites you!
* * * LOW HITPOINT WARNING * * *
You are lethally poisoned (5 -> -22).
Your movement speed is average.
Your attack delay is about 1.0.
Unknown command.
Unknown command.
You barely miss the water moccasin. Your touch misses the water moccasin.
You die...

#.# ####.#
....# #..##
#..# ...#
#..# ###..##
#..# ...(.#
#..#
#...######..#
#...#..@SZ..#
#......###.##
#).....###.#
#........#.#
#..........#
##.......###
#..<.(.##
#.#....#
#.####.#


You could see a water moccasin and a killer bee zombie.

Vanquished Creatures
  A scorpion (D:5)
1 creature vanquished.

Notes
Turn   | Place    | Note
-------+----------+-------------------------------------------
     0 | D:5      | Snicker the Demonspawn Delver began the quest for the Orb.
     0 | D:5      | Reached XP level 1. HP: 18/18 MP: 1/1
    12 | D:5      | Noticed a scorpion
    16 | D:5      | Noticed a quasit
    18 | D:5      | Noticed a quasit
    18 | D:5      | Noticed a quasit
    24 | D:5      | Killed a scorpion
    25 | D:5      | Reached skill level 5 in Stealth
    25 | D:5      | Gained mutation: Your touch may inflict minor irresistible
                  | damage on your foes. [demonic ancestry]
    25 | D:5      | Reached XP level 2. HP: 6/24 MP: 2/2
    25 | D:5      | Reached XP level 3. HP: 7/29 MP: 3/3
   287 | D:6      | Noticed a water moccasin
   300 | D:6      | Succumbed to a water moccasin's poison

Illustrated notes

Levels and vault maps discovered:
D:5:      cheibrodos_quashed, layout_rooms, uniq_edmund
D:6:      layout_loops_ring

Skill      XL: |  1 |
---------------+----+-----
Stealth        | 5 |  5.5
Fighting       | |  3.3
Short Blades   | |  1.9
Dodging        | |  1.9

Action                   || total
-------------------------++-------
Melee: Short sword       ||     8
  Use: Scroll            ||     1
 Stab: Sleeping          ||     1
Armor: Leather armour    ||     3
Dodge: Dodged            ||     3
